 Dungeon Crawl Stone Soup version 0.26.0-10-g1f06aea511 (webtiles) character file.

Game seed: 9024509863471329541

493 Borgoz the Slasher (level 7, -1/55 HPs)
             Began as a Ghoul Gladiator on Jan 30, 2021.
             Was an Initiate of Ashenzari.
             Slain by an orc
             ... wielding a +0 rapier
              (2 damage)
             ... on level 4 of the Dungeon.
             The game lasted 00:05:01 (4519 turns).

Borgoz the Slasher (Ghoul Gladiator)                Turns: 4519, Time: 00:05:01

Health: -1/55      AC:  5    Str: 18    XL:     7   Next: 15%
Magic:  6/6        EV: 17    Int:  3    God:    Ashenzari [......]
Gold:   275        SH:  0    Dex: 12    Spells: 6/6 levels left

rFire    . . .     SeeInvis .   a - +0 long sword
rCold    + . .     Faith    +   (no shield)
rNeg     + + +     Spirit   .   b - +0 leather armour
rPois    ∞         Reflect  .   c - +1 helmet
rElec    .         Harm     .   (no cloak)
rCorr    .         Rampage  .   (no gloves)
Will     .....                  (no boots)
Stlth    +.........             j - amulet of faith
HPRegen  0.00/turn              l - +4 ring of evasion
MPRegen  0.10/turn              (no ring)

@: attractive
A: claws 1, cold resistance 1, negative energy resistance 3, inhibited
regeneration, torment resistance, unbreathing
a: Renounce Religion, Curse Item


You were on level 4 of the Dungeon.
You worshipped Ashenzari.
Ashenzari was noncommittal.
You visited 2 branches of the dungeon, and saw 5 of its levels.

You collected 275 gold pieces.

Inventory:

Hand Weapons
 a - a +0 long sword (weapon)
Missiles
 d - 3 throwing nets (quivered)
Armour
 b - a +0 leather armour (worn)
 c - a +1 helmet (worn)
Jewellery
 f - an uncursed ring of flight
 h - a +6 ring of dexterity
 j - an amulet of faith (around neck)
 l - a +4 ring of evasion (left claw)
Wands
 i - a wand of random effects (11)
Scrolls
 e - 4 scrolls of remove curse
 m - a scroll of immolation {unknown}
 o - a scroll of identify {unknown}
Potions
 g - a potion of mutation {unknown}
 k - a potion of haste
 n - a potion of brilliance {unknown}
 p - a potion of attraction


   Skills:
 - Level 2.1 Fighting
 * Level 5.4 Long Blades
 - Level 1.7 Throwing
 + Level 3.1 Armour
 + Level 4.2 Dodging


You had 6 spell levels left.
You didn't know any spells.
Your spell library was empty.

Dungeon Overview and Level Annotations

Branches:
Dungeon (4/15)             Temple (1/1) D:4

Altars:
Ashenzari
Cheibriados
Elyvilon
Fedhas
Gozag
Hepliaklqana
Makhleb
Nemelex Xobeh
Okawaru
Qazlal
Ru
Sif Muna
Trog
Uskayaw
Vehumet
Xom
Yredelemnul


Innate Abilities, Weirdness & Mutations

You thrive by killing the living.
You are immune to poison.
You have sharp fingernails.
Your flesh is cold resistant. (rC+)
You are immune to negative energy. (rN+++)
You do not regenerate when monsters are visible.
You are immune to unholy pain and torment.
You can survive without breathing.


Message History

Beogh smites you! The orc priest barely misses you.
You hit the orc priest but do no damage.
The orc priest is almost dead.
The orc priest barely misses you.
You riposte.
You slash the orc priest!
You kill the orc priest!
The orc priest invokes the aid of Beogh against you.
Beogh smites you! The orc hits you with a +0 dagger.
* * * LOW HITPOINT WARNING * * *
The orc hits you with a +0 rapier.
* * * LOW HITPOINT WARNING * * *
You are too injured to fight recklessly!
It was a potion of attraction.
You feel attractive to monsters.
The orc priest mumbles some strange prayers to Beogh against you.
Beogh smites you!
* * * LOW HITPOINT WARNING * * *
The orc hits you with a +0 dagger.
* * * LOW HITPOINT WARNING * * *
The orc hits you with a +0 rapier.
You die...

))...# .....### #..
... .....).#####.
#.# ...<
............. #.#
.... ........#####
#.#..o..
....##...####
#.#...
...###.#....## #...
##.....####..###.#
..###.##......o@#
..#
.....###...oo>....#
# #.....
#.....###### #....
#.....# #....
#....)# #$..
##....# #... #....#
#....#


You could see an orc priest and 2 orcs.

Vanquished Creatures
  An ogre (D:4)
  An orc priest (D:4)
  Jessica (D:3)
  4 orc wizards
  4 gnolls
  10 adders
  An ooze (D:1)
  5 worms
  2 dart slugs (D:3)
  3 leopard geckos
  15 orcs
  4 giant cockroaches
  4 hobgoblins
  6 jackals
  12 kobolds
  3 ball pythons
  5 bats
  4 frilled lizards
  2 goblins (D:3)
  9 rats
96 creatures vanquished.

Notes
Turn   | Place    | Note
-------+----------+-------------------------------------------
     0 | D:1      | Borgoz the Ghoul Gladiator began the quest for the Orb.
     0 | D:1      | Reached XP level 1. HP: 17/17 MP: 0/0
   186 | D:1      | Reached skill level 3 in Long Blades
   186 | D:1      | Reached XP level 2. HP: 22/24 MP: 1/1
   928 | D:1      | Reached XP level 3. HP: 29/29 MP: 2/2
  1042 | D:1      | Reached skill level 1 in Armour
  1416 | D:2      | Reached XP level 4. HP: 30/36 MP: 3/3
  2029 | D:2      | Reached skill level 4 in Long Blades
  2205 | D:2      | Reached XP level 5. HP: 41/41 MP: 4/4
  3080 | D:3      | Noticed Jessica
  3086 | D:3      | Killed Jessica
  3087 | D:3      | Reached XP level 6. HP: 48/48 MP: 5/5
  3537 | D:3      | Found a sacrificial altar of Ru.
  4124 | D:4      | Found a staircase to the Ecumenical Temple.
  4131 | Temple   | Entered the Ecumenical Temple
  4157 | Temple   | Became a worshipper of Ashenzari the Shackled
  4314 | D:4      | Reached skill level 5 in Long Blades
  4349 | D:4      | Reached XP level 7. HP: 25/55 MP: 6/6
  4519 | D:4      | HP: 1/55 [orc/+0 dagger (4)]
  4519 | D:4      | Slain by an orc

Illustrated notes

Levels and vault maps discovered:
D:1:      lemuel_arrival_room, layout_basic, serial_park_tiny_pond
D:2:      layout_basic, small_statue_intersection
D:3:      layout_basic, lemuel_doored_altar, uniq_jessica
D:4:      layout_rooms, minitemple, minmay_temple_entry_hall
Temple:   nicolae_temple_elliptical

Skill      XL: |  1  2  3  4  5  6  7 |
---------------+----------------------+-----
Long Blades    | 3 4 5 |  5.4
Armour         | 1 2 3 |  3.1
Dodging        | 3 4 |  4.2
Fighting       | |  2.1
Throwing       | |  1.7

Action                   |  1- 3 |  4- 6 |  7- 9 || total
-------------------------+-------+-------+-------++-------
Melee: Long sword        |    92 |   262 |    12 ||   366
  Use: Scroll            |     2 |     1 |       ||     3
       Potion            |       |     8 |     1 ||     9
Armor: Leather armour    |    29 |    59 |     1 ||    89
Dodge: Dodged            |    65 |   272 |    14 ||   351
       Rpst.: Long sword |    22 |    72 |     4 ||    98
